[Event "34th MPL National U14G-ch 2022"]
[Site "Ahmedabad"]
[Date "2022.05.14"]
[Round "11.2"]
[White "Shubhi Gupta"]
[Black "Roy Aanya"]
[Result "1/2-1/2"]
[ECO "E61"]
[WhiteElo "1613"]
[BlackElo "1560"]
[Annotator "NA RC COMBH"]
[PlyCount "77"]
[EventDate "2022.05.09"]
[EventType "swiss"]
[EventCountry "IND"]
[SourceTitle "playchess.com"]
[Source "ChessBase"]
[SourceQuality "1"]
[TimeControl "5400+30"]

1. d4 Nf6 2. Nf3 c5 3. c4 g6 4. Nc3 Bg7 5. Bg5 O-O 6. e3 cxd4 7. exd4 h6 8. Bh4 g5 9. Bg3 d5 10. Be2 Nc6 11. h3 e6 12. O-O dxc4 13. Bxc4 Nh5 14. Be5 Nxe5 15. dxe5 Qc7 16. Qe2 Nf4 17. Qe4 Bd7 18. Bb5 Bxb5 19. Nxb5 Qc6 20. Qxc6 bxc6 21. Nd6 Nd3 22. Nc4 Rfd8 23. Rfd1 Kf8 24. Rd2 Ke7 25. Rad1 Nf4 26. Rd6 Rac8 27. g3 Nxh3+ 28. Kf1 g4 29. Rxd8 Rxd8 30. Nd4 Rc8 31. Nd6 Rc7 32. N4f5+ exf5 33. Nxf5+ Ke6 34. Nxg7+ Kxe5 35. Ne8 Rb7 36. Nd6 Re7 37. Nc4+ Kf6 38. Rd6+ Re6 39. Rd7 1/2-1/2

[Event "34th MPL National U14G-ch 2022"]
[Site "Ahmedabad"]
[Date "2022.05.14"]
[Round "11.3"]
[White "Pragnya H G"]
[Black "Bhat Sannidhi Ramakrishna"]
[Result "1-0"]
[ECO "B00"]
[WhiteElo "1605"]
[BlackElo "1373"]
[Annotator "NA RC COMBH"]
[PlyCount "55"]
[EventDate "2022.05.09"]
[EventType "swiss"]
[EventCountry "IND"]
[SourceTitle "playchess.com"]
[Source "ChessBase"]
[SourceQuality "1"]
[TimeControl "5400+30"]

1. e4 Nc6 2. d4 d6 3. f4 e5 4. d5 Nb8 5. Nc3 Nf6 6. Nf3 exf4 7. Bxf4 g6 8. Qd2 Bg7 9. Bd3 Nbd7 10. Bh6 O-O 11. Bxg7 Kxg7 12. h3 Re8 13. O-O-O Nc5 14. Rde1 Bd7 15. Qf2 Nxd3+ 16. cxd3 c6 17. dxc6 Bxc6 18. g4 b5 19. Rhf1 h6 20. Nd4 Rc8 21. Kb1 Rf8 22. Nxc6 Rxc6 23. Qd4 Re8 24. Nd5 Re6 25. Rf2 Qa5 26. Ref1 Ra6 27. a3 b4 28. Rxf6 1-0

[Event "34th MPL National U14G-ch 2022"]
[Site "Ahmedabad"]
[Date "2022.05.14"]
[Round "11.4"]
[White "Sanikommu Manasvi"]
[Black "Rout Yashita"]
[Result "1/2-1/2"]
[ECO "C96"]
[WhiteElo "1399"]
[BlackElo "1718"]
[Annotator "NA RC COMBH"]
[PlyCount "160"]
[EventDate "2022.05.09"]
[EventType "swiss"]
[EventCountry "IND"]
[SourceTitle "playchess.com"]
[Source "ChessBase"]
[SourceQuality "1"]
[TimeControl "5400+30"]

1. e4 e5 2. Nf3 Nc6 3. Bb5 a6 4. Ba4 Nf6 5. O-O Be7 6. Re1 b5 7. Bb3 d6 8. c3 O-O 9. h3 Na5 10. Bc2 c5 11. d4 Nd7 12. d5 Nb6 13. Nbd2 Nb7 14. b3 Bf6 15. a4 bxa4 16. bxa4 Na5 17. Nb3 Nxb3 18. Bxb3 c4 19. Ba2 a5 20. Be3 Ba6 21. Rb1 Nd7 22. Qe2 Qc7 23. Nd2 Rfc8 24. Rb2 Nc5 25. Bxc4 Nxa4 26. Bxa6 Nxb2 27. Bxc8 Rxc8 28. c4 a4 29. Ra1 Qb7 30. c5 dxc5 31. Nc4 Qa6 32. Qxb2 Qxc4 33. Qb7 Rd8 34. d6 Rxd6 35. Rc1 Qb4 36. Qc8+ Rd8 37. Qxc5 Qxe4 38. Rc4 Qd3 39. Kh2 a3 40. Rc3 Qd7 41. Qxa3 e4 42. Rc1 Be5+ 43. g3 h5 44. Qc5 Bd4 45. Bxd4 Qxd4 46. Qxd4 Rxd4 47. Rc8+ Kh7 48. Kg2 Rd2 49. Re8 Rd4 50. h4 Kg6 51. Kf1 Kf5 52. Ra8 f6 53. Ra7 g5 54. hxg5 fxg5 55. Ra5+ Kg4 56. Kg2 Rd2 57. Ra4 Re2 58. Rb4 Re1 59. f3+ Kf5 60. Rb5+ Kf6 61. fxe4 Rxe4 62. Kf3 Re6 63. Ra5 Rb6 64. Ra8 Rb3+ 65. Kf2 Kf5 66. Ra4 Rc3 67. Kg2 Re3 68. Ra5+ Re5 69. g4+ hxg4 70. Ra2 Re3 71. Ra5+ Kg6 72. Ra8 g3 73. Ra6+ Kh5 74. Ra4 Rb3 75. Rc4 Ra3 76. Rb4 g4 77. Rb8 Ra2+ 78. Kxg3 Ra3+ 79. Kg2 Kh4 80. Rh8+ Kg5 1/2-1/2

[Event "34th MPL National U14G-ch 2022"]
[Site "Ahmedabad"]
[Date "2022.05.14"]
[Round "11.5"]
[White "Arshiya Das"]
[Black "Sneha Halder"]
[Result "*"]
[ECO "C00"]
[WhiteElo "1456"]
[BlackElo "1557"]
[Annotator "NA RC COMBH"]
[PlyCount "104"]
[EventDate "2022.05.09"]
[EventType "swiss"]
[EventCountry "IND"]
[SourceTitle "playchess.com"]
[Source "ChessBase"]
[SourceQuality "1"]
[TimeControl "5400+30"]

1. e4 e6 2. d3 d5 3. Nd2 Nf6 4. Ngf3 Bc5 5. e5 Ng4 6. d4 Bb6 7. Nb3 a5 8. h3 Nh6 9. Bxh6 gxh6 10. a4 Nd7 11. Qd2 c5 12. Qxh6 cxd4 13. Qg7 Rf8 14. Ng5 Qc7 15. Nxh7 Qxe5+ 16. Qxe5 Nxe5 17. Bb5+ Bd7 18. Bxd7+ Kxd7 19. Nxf8+ Rxf8 20. Rd1 Nc4 21. Nd2 Nxb2 22. Rb1 Nxa4 23. h4 Kc7 24. h5 Nc3 25. Ra1 a4 26. Nb1 Ba5 27. Kf1 b5 28. h6 Ne4 29. g3 Rh8 30. Kg2 Bc3 31. Ra2 Nd2 32. Nxd2 Bxd2 33. c4 dxc3 34. h7 Kb6 35. Kf3 Ka5 36. Ke2 Bg5 37. Kd3 b4 38. Rha1 a3 39. Rh1 Ka4 40. Raa1 Bf6 41. Rh6 Bg7 42. Rh4 d4 43. Rah1 a2 44. Kc4 Rc8+ 45. Kd3 b3 46. Rf4 b2 47. h8=Q b1=Q+ 48. Ke2 Bxh8 49. Rxh8 Rxh8 50. Rxd4+ Kb3 51. Rd7 Qe4+ 52. Kf1 Rh1# *

[Event "34th MPL National U14G-ch 2022"]
[Site "Ahmedabad"]
[Date "2022.05.14"]
[Round "11.6"]
[White "Sachi Jain"]
[Black "Shriyana S Mallya"]
[Result "0-1"]
[ECO "C44"]
[WhiteElo "1768"]
[BlackElo "1353"]
[Annotator "NA RC COMBH"]
[PlyCount "150"]
[EventDate "2022.05.09"]
[EventType "swiss"]
[EventCountry "IND"]
[SourceTitle "playchess.com"]
[Source "ChessBase"]
[SourceQuality "1"]
[TimeControl "5400+30"]

1. e4 e6 2. d3 d5 3. Nd2 Nf6 4. g3 dxe4 5. dxe4 Nc6 6. Bg2 Bc5 7. Ngf3 e5 8. c3 a5 9. O-O h6 10. h3 Be6 11. Qe2 Qd7 12. Kh2 Rd8 13. Ne1 g5 14. Nb3 Bb6 15. f4 exf4 16. gxf4 a4 17. f5 Qd6+ 18. Kh1 axb3 19. fxe6 Qxe6 20. axb3 Ke7 21. Qf3 Ne5 22. Qf5 Nh5 23. Qxe6+ Kxe6 24. Kh2 Rd1 25. Nc2 Rxf1 26. Bxf1 Rd8 27. Be2 Nf6 28. Ra4 Nd3 29. Be3 Bxe3 30. Nxe3 Nxb2 31. Rd4 Rxd4 32. cxd4 Nxe4 33. Bg4+ Ke7 34. Nf5+ Kf6 35. Nxh6 Nd2 36. b4 Nd3 37. Bh5 b6 38. b5 Nf4 39. Bg4 Nb3 40. Ng8+ Kg7 41. Ne7 Nxd4 42. Nf5+ Nxf5 43. Bxf5 Kf6 44. Bd7 Ke7 45. Bc6 Kd6 46. Kg3 f6 47. Kg4 Ne6 48. Bg2 Ke5 49. Bc6 f5+ 50. Kg3 Nd4 51. Be8 Kd5 52. h4 gxh4+ 53. Kxh4 f4 54. Kh3 f3 55. Kg3 Ke4 56. Kf2 Kd3 57. Bd7 Kc4 58. Ke3 Nxb5 59. Kxf3 Nd4+ 60. Ke3 c5 61. Kd2 b5 62. Be8 Kb3 63. Kd3 Kb4 64. Bd7 Nb3 65. Be8 c4+ 66. Kc2 Nd4+ 67. Kc1 Kc3 68. Bg6 b4 69. Bf7 Nb3+ 70. Kb1 Nd2+ 71. Ka1 b3 72. Bg6 b2+ 73. Ka2 b1=Q+ 74. Bxb1 Nxb1 75. Kxb1 Kd2 0-1

[Event "34th MPL National U14G-ch 2022"]
[Site "Ahmedabad"]
[Date "2022.05.14"]
[Round "11.7"]
[White "Falak Joni Naik"]
[Black "Rajanya Datta"]
[Result "1-0"]
[ECO "D02"]
[WhiteElo "1349"]
[BlackElo "1589"]
[Annotator "NA RC COMBH"]
[PlyCount "63"]
[EventDate "2022.05.09"]
[EventType "swiss"]
[EventCountry "IND"]
[SourceTitle "playchess.com"]
[Source "ChessBase"]
[SourceQuality "1"]
[TimeControl "5400+30"]

1. d4 d5 2. Nf3 e6 3. e3 Bd6 4. Bd3 f5 5. b3 Nf6 6. Bb2 O-O 7. Nbd2 c6 8. O-O b6 9. Ne5 Bb7 10. f4 Nbd7 11. Ndf3 Ne4 12. Nxd7 Qxd7 13. Ne5 Qe7 14. Rf3 Ba3 15. Bxa3 Qxa3 16. Rh3 Nf6 17. g4 g6 18. g5 Ne4 19. Bxe4 dxe4 20. Nd7 Rf7 21. Nf6+ Kh8 22. d5 Qb2 23. dxe6 Re7 24. Qe1 h5 25. Rd1 Qxc2 26. Rd2 Qc5 27. Qa1 Rg7 28. Rd7 Qf8 29. Rxh5+ gxh5 30. Nxh5 Kg8 31. Rxg7+ Qxg7 32. Qxg7# 1-0

[Event "34th MPL National U14G-ch 2022"]
[Site "Ahmedabad"]
[Date "2022.05.14"]
[Round "11.8"]
[White "Shreya G Hipparagi"]
[Black "Elakshi Srivastava"]
[Result "1-0"]
[ECO "C54"]
[WhiteElo "1548"]
[BlackElo "1256"]
[Annotator "NA RC COMBH"]
[PlyCount "113"]
[EventDate "2022.05.09"]
[EventType "swiss"]
[EventCountry "IND"]
[SourceTitle "playchess.com"]
[Source "ChessBase"]
[SourceQuality "1"]
[TimeControl "5400+30"]

1. e4 e5 2. Nf3 Nc6 3. Bc4 Bc5 4. c3 Nf6 5. d3 d6 6. O-O h6 7. Nbd2 O-O 8. h3 Bb6 9. Re1 Be6 10. Bb3 Bxb3 11. Qxb3 Re8 12. Nf1 d5 13. Ng3 a6 14. Be3 d4 15. cxd4 Nxd4 16. Bxd4 Bxd4 17. Nxd4 Qxd4 18. Rac1 Qb6 19. Qxb6 cxb6 20. Rc7 Rab8 21. Kf1 Kf8 22. Nf5 Red8 23. Ke2 h5 24. Rec1 g6 25. Ne3 Ne8 26. R7c3 Nd6 27. a4 b5 28. a5 Rbc8 29. Rc5 Kg7 30. R1c2 Rxc5 31. Rxc5 Kf6 32. Nd5+ Ke6 33. f4 Rc8 34. f5+ gxf5 35. exf5+ Nxf5 36. Rxc8 Kxd5 37. Rc7 Nd6 38. b4 Kd4 39. Rd7 Kd5 40. Kd2 Ke6 41. Rd8 h4 42. Kc3 Nf5 43. Re8+ Kd6 44. Rb8 Kc7 45. Rf8 Nd6 46. Rh8 Nf5 47. Rh5 Ne3 48. Rxh4 Nxg2 49. Rh7 Kc6 50. Rxf7 Nf4 51. h4 Ne2+ 52. Kd2 Ng3 53. Ke3 Kd5 54. Kf3 Nh5 55. Rxb7 Kd4 56. Rd7+ Kc3 57. Rd6 1-0